cohdb
Replays
Latest Replays
All Replays
Popular Replays
Top Player Replays
Match Explorer
How It Works
Community
CoH3 Stats
Reddit
Sign in to upload your games and track your stats! →
Sign in with Steam
Match 44235847
Unlisted
Match 44235847
Overview
Messages
Build Orders
End
Kradschützen Motorcycle Team
Panzergrenadier Squad
Selects Panzerjäger Kommand Battlegroup
Panzergrenadier Squad
Construct Light Support Kompanie
Panzergrenadier Squad
MG34 Team
Fire Support Elements
Selects Mine Fields
Selects Defensive Positions
Flakvierling Half-track
2.5-tonne Medical Truck
Construct Panzerarmee Kommand
MG34 Team
Panzer III L Medium Tank
Pak 38 Anti-tank Gun Team
Armored Reserves
le.IG 18 Support Gun Team
Selects Butterfly Bomb Drop
Selects Tank Busters
Selects Crew Shock Tactics
Selects Anti-tank Overwatch
Anti-tank Overwatch
Walking Stuka Rocket Launcher
Pak 38 Anti-tank Gun Team
Kradschützen Motorcycle Team
DrewP
Dillbro
Drazy
Lambshaker
0
0
Comments
sign in to comment!
No comments posted yet!